 Dungeon Crawl Stone Soup version 0.27.1-33-g824d729ab1 (webtiles) character file.

Game seed: 11004875180313367329

47 Teslajakalope the Covered (level 3, -2/32 (33) HPs)
             Began as a Minotaur Fighter on Dec 31, 2021.
             Slain by Terence (18 damage)
             ... on level 2 of the Dungeon.
             The game lasted 00:02:20 (1401 turns).

Teslajakalope the Covered (Minotaur Fighter)        Turns: 1401, Time: 00:02:21

HP:   -2/32 (33)    AC:  7    Str: 21    XL:     3   Next: 48%
MP:   2/2           EV:  7    Int:  5    God:
Gold: 15            SH:  9    Dex:  9    Spells: 2/2 levels left

rFire    . . .     SeeInvis .   a - +0 war axe
rCold    . . .     Faith    .   c - +0 kite shield
rNeg     . . .     Spirit   .   b - +0 scale mail
rPois    .         Reflect  .   (helmet restricted)
rElec    .         Harm     .   (no cloak)
rCorr    .         Rampage  .   (no gloves)
Will     .....                  (no boots)
Stlth    ..........             (no amulet)
HPRegen  0.10/turn              (no ring)
MPRegen  0.08/turn              (no ring)

@: lightly drained
A: horns 2, retaliatory headbutt
a: no special abilities


You were on level 2 of the Dungeon.
You visited 1 branch of the dungeon, and saw 2 of its levels.

You collected 15 gold pieces.

Inventory:

Hand Weapons
 a - a +0 war axe (weapon)
Missiles
 j - 34 stones (quivered)
Armour
 b - a +0 scale mail (worn)
 c - a +0 kite shield (worn)
Scrolls
 g - a scroll of amnesia {unknown}
 h - a scroll of fog {unknown}
 k - a scroll of identify {unknown}
Potions
 d - a potion of might
 e - a potion of berserk rage
 f - a potion of invisibility {unknown}
 i - a potion of brilliance {unknown}


   Skills:
 + Level 4.1 Fighting
 + Level 3.1 Axes
 + Level 4.2 Armour
 + Level 4.2 Shields


You had 2 spell levels left.
You didn't know any spells.
Your spell library was empty.

Dungeon Overview and Level Annotations

Branches:
Dungeon (2/15)

Altars:

Shops:
D:2 =

Annotations:
D:2 Terence


Innate Abilities, Weirdness & Mutations

You have a pair of horns on your head.
You reflexively headbutt those who attack you in melee.


Message History

You open the door.
A hobgoblin comes into view.
The hobgoblin shouts!
Found a scroll labelled MAFIEH SEQE.
There is an open door here.
You slash the hobgoblin!
You kill the hobgoblin!
A rat comes into view.
You see here a scroll labelled MAFIEH SEQE.
Unknown command.
Unknown command.
Unknown command.
Unknown command.
Unknown command.
Unknown command.
You hit the rat but do no damage. You block the rat's attack. x2
You closely miss the rat. You headbutt the rat.
You kill the rat!
k - a scroll labelled MAFIEH SEQE A rat comes into view.
A rat is nearby!
You hit the rat.
You kill the rat!
You open the door.
There is an open door here.
An endoplasm comes into view.
An endoplasm is nearby!
Terence the Incautious comes into view.
He is wielding a +4 flail of draining.
Terence drinks a potion.
Terence goes berserk!
The endoplasm freezes you.
You are frozen.
You barely miss the endoplasm. You closely miss Terence.
You block Terence's attack.
Terence hits you with a +4 flail of draining!
You feel drained.
The endoplasm hits you but does no damage.
You block the endoplasm's attack.
Terence hits you with a +4 flail of draining!!
Ouch! That really hurt!
You die...

#######.#...####.........#
...............'..........
.#####.......###..........
#..##.#.# ##.......##
#..####.# ##......#
#....##.# ##...#.#
#.##.##.# ##'##.#
#.##J##.# #.##.##
#..@@...# #.##...
####.#### ##.##### #.#
##...#### #.# #........
#.# ##.......
#.##########......
#.................
#############..... ######


You could see Terence (berserk) and an endoplasm.

Vanquished Creatures
  4 dart slugs (D:1)
  5 endoplasms (D:1)
  A giant cockroach (D:1)
  3 goblins
  3 hobgoblins
  4 jackals (D:1)
  3 ball pythons (D:1)
  2 bats (D:1)
  3 frilled lizards (D:1)
  4 kobolds (D:1)
  6 rats
38 creatures vanquished.

Notes
Turn   | Place    | Note
-------+----------+-------------------------------------------
     0 | D:1      | Teslajakalope the Minotaur Fighter began the quest for the
                  | Orb.
     0 | D:1      | Reached XP level 1. HP: 19/19 MP: 0/0
   289 | D:1      | Reached XP level 2. HP: 21/27 MP: 1/1
   812 | D:1      | Reached XP level 3. HP: 32/33 MP: 2/2
   860 | D:1      | Found a faded altar of an unknown god.
  1220 | D:2      | Found Buclil's Jewellery Emporium.
  1399 | D:2      | Noticed Terence
  1401 | D:2      | Slain by Terence

Illustrated notes

Levels and vault maps discovered:
D:1:      lightli_arrival_flooded_house, layout_loops_corners,
          shapermc_ecumenical_altar_starsandcircs
D:2:      layout_loops_corners, serial_shops, shop_fountains, serial_glass,
          glass_columns_a, glass_columns_a, uniq_terence,
          uniq_crazy_yiuf_cottage

Skill      XL: |  1  2 |
---------------+-------+-----
Fighting       | 4 |  4.1
Shields        | 4 |  4.2
Armour         | 4 |  4.2
Axes           | 3 |  3.1

Action                   || total
-------------------------++-------
Melee: War axe           ||    90
       Headbutt          ||    14
Armor: Scale mail        ||    51
Dodge: Dodged            ||    27
Block: Kite shield       ||    47
